 Dungeon Crawl Stone Soup version 0.25-a0-290-g4a1327ee3a (webtiles) character file.

Game seed: 2534276965749916870, levelgen mode: deterministic

307 floatRand the Shield-Bearer (level 6, -5/47 HPs)
             Began as a Formicid Fighter on Dec 13, 2019.
             Slain by Menkaure (19 damage)
             ... on level 4 of the Dungeon.
             The game lasted 00:03:51 (2461 turns).

floatRand the Shield-Bearer (Formicid Fighter)      Turns: 2461, Time: 00:03:51

Health: -5/47      AC: 10    Str: 21    XL:     6   Next: 68%
Magic:  6/6        EV:  9    Int:  7    God:
Gold:   107        SH: 10    Dex: 12    Spells: 5/5 levels left

rFire    . . .     SeeInvis +   p - +0 mace (protect)
rCold    . . .     Gourm    .   c - +0 shield
rNeg     . . .     Faith    .   e - +0 leather armour {rPois}
rPois    +         Spirit   .   (helmet unavailable)
rElec    .         Reflect  .   (no cloak)
rCorr    .         Harm     .   (no gloves)
MR       .....                  (no boots)
Stlth    ++........             (no amulet)
HPRegen  0.15/turn              (no ring)
MPRegen  0.10/turn              (no ring)

@: protection aura
A: permanent stasis, dig shafts and tunnels, four strong arms, antennae 3
a: Dig, Shaft Self


You were on level 4 of the Dungeon.
You were very hungry.

You visited 1 branch of the dungeon, and saw 4 of its levels.

You collected 107 gold pieces.

Inventory:

Hand Weapons
 a - a +0 long sword
 k - a +0 whip of venom
 p - a +0 mace of protection (weapon)
Armour
 b - a +0 scale mail
 c - a +0 shield (worn)
 e - a +0 leather armour of poison resistance (worn)
Scrolls
 i - a scroll of identify {unknown}
 j - a scroll of blinking {unknown}
 m - a scroll of remove curse {unknown}
 o - a scroll of enchant armour {unknown}
Potions
 d - a potion of brilliance {unknown}
 h - a potion of haste {unknown}
 l - a potion of curing {unknown}
 n - 2 potions of flight {unknown}
Comestibles
 f - 2 rations


   Skills:
 - Level 3.2 Fighting
 - Level 2.3 Long Blades
 * Level 4.0 Maces & Flails
 - Level 3.2 Armour
 + Level 3.7 Stealth
 + Level 5.2 Shields


You had 5 spell levels left.
You didn't know any spells.
Your spell library was empty.

Dungeon Overview and Level Annotations

Branches:
Dungeon (4/15)
 Temple: D:4-7

Altars:

Annotations:
D:4 Menkaure


Innate Abilities, Weirdness & Mutations

You cannot be hasted, slowed, berserked, paralysed or teleported.
You can dig through walls and to a lower floor.
Your four strong arms can wield two-handed weapons with a shield.
You have a pair of large antennae on your head. (SInv)


Message History

Your body is wracked with pain!
* * * LOW HITPOINT WARNING * * *
Unknown command.
You hit Menkaure.
Menkaure is severely damaged.
Menkaure hits you but does no damage.
Unknown command.
You hit Menkaure but do no damage.
Menkaure is severely damaged.
You block Menkaure's attack.
Unknown command.
Unknown command.
You hit Menkaure.
Menkaure is severely damaged.
Menkaure casts a spell at you.
You struggle to resist.
You block Menkaure's attack.
You hit Menkaure.
Menkaure is almost destroyed.
Menkaure hits you!!
You die...

{ #.# ## #.# {
..##<## # {
#.#...#.###
#(#........
#$#...#(###
.#####..........
.......%####.###
..#####@# .# #M#
# #.. #.## #.#
..# ###


You could see Menkaure.

Vanquished Creatures
  Sigmund (D:2)
  An orc priest (D:3)
  An orc wizard (D:3)
  An adder (D:2)
  6 worms
  5 leopard geckos
  4 orcs (D:3)
  3 giant cockroaches
  7 hobgoblins
  2 jackals (D:3)
  A quokka (D:3)
  6 bats
  4 frilled lizards
  7 goblins
  6 kobolds
  3 rats (D:2)
58 creatures vanquished.

Notes
Turn   | Place    | Note
-------+----------+-------------------------------------------
     0 | D:1      | floatRand the Formicid Fighter began the quest for the Orb.
     0 | D:1      | Reached XP level 1. HP: 18/18 MP: 1/1
   167 | D:1      | Reached XP level 2. HP: 21/24 MP: 2/2
   310 | D:1      | Reached skill level 1 in Stealth
   766 | D:2      | Reached skill level 1 in Maces & Flails
   834 | D:2      | Reached skill level 4 in Shields
   834 | D:2      | Reached XP level 3. HP: 24/29 MP: 3/3
   988 | D:2      | Noticed Sigmund
  1000 | D:2      | Killed Sigmund
  1000 | D:2      | Reached XP level 4. HP: 13/35 MP: 4/4
  1000 | D:2      | Reached XP level 5. HP: 15/41 MP: 5/5
  1000 | D:2      | Reached XP level 6. HP: 17/47 MP: 6/6
  1762 | D:3      | Reached skill level 5 in Shields
  2447 | D:4      | Noticed Menkaure
  2461 | D:4      | Slain by Menkaure

Levels and vault maps discovered:
D:1:      co_arrival_square_in_a_square_in_a_square, layout_basic
D:2:      layout_basic, uniq_sigmund
D:3:      layout_loops_ring
D:4:      layout_loops_ring, uniq_menkaure

Skill      XL: |  1  2  3  4  5  6 |
---------------+-------------------+-----
Stealth        | 1 3 |  3.7
Maces & Flails | 1 3 4 |  4.0
Shields        | 4 5 |  5.2
Fighting       | |  3.2
Long Blades    | |  2.3
Armour         | |  3.2

Action                   |  1- 3 |  4- 6 || total
-------------------------+-------+-------++-------
Melee: Long sword        |    18 |       ||    18
       Whip              |    49 |   114 ||   163
       Mace              |       |    10 ||    10
  Use: Potion            |     1 |       ||     1
 Stab: Sleeping          |       |     8 ||     8
  Eat: Chunk             |       |     4 ||     4
Armor: Leather armour    |    10 |    19 ||    29
Dodge: Dodged            |    18 |    24 ||    42
Block: Shield            |    23 |    56 ||    79
       Rpst.: Long sword |     3 |       ||     3

Table legend:
 A = Non-vault XP
 B = Vault XP
 C = Vault XP percentage of total XP
 D = Non-vault monster count
 E = Vault monster count
 F = Vault count percentage of total count
                 A         B        C        D         E       F
            +---------+---------+-------+---------+---------+-------
      Total |     212 |     227 |  51.7 |      57 |       1 |   1.7
            +---------+---------+-------+---------+---------+-------
        D:1 |      14 |       0 |   0.0 |       8 |       0 |   0.0
        D:2 |      45 |     227 |  83.5 |      15 |       1 |   6.2
        D:3 |     153 |       0 |   0.0 |      34 |       0 |   0.0
            +---------+---------+-------+---------+---------+-------
